 Dungeon Crawl Stone Soup version 0.29-a0-1019-g84f7d21838 (webtiles) character file.

Game seed: 14917786648530055006

624 Newt the Skirmisher (level 7, -2/43 HPs)
             Began as a Kobold Hunter on Aug 10, 2022.
             Slain by an ogre
             ... wielding a +0 giant spiked club
              (30 damage)
             ... on level 5 of the Dungeon.
             The game lasted 00:05:21 (4514 turns).

Newt the Skirmisher (Kobold Hunter)                 Turns: 4514, Time: 00:05:22

Health: -2/43      AC:  4    Str:  8    XL:     7   Next: 76%
Magic:  7/7        EV: 15    Int: 12    God:
Gold:   233        SH:  0    Dex: 25    Spells: 6/6 levels left

rFire   . . .      SeeInvis .   a - +1 shortbow
rCold   . . .      Faith    .   (shield currently unavailable)
rNeg    + . .      Spirit   .   c - +0 leather armour
rPois   .          Reflect  .   (no helmet)
rElec   .          Harm     .   (no cloak)
rCorr   +          Rampage  .   e - -1 pair of gloves of Compassion {rN+ rCorr Int+2 Dex+4}
Will    .....                   g - +0 pair of boots
Stlth   +++++.....              q - amulet of regeneration
HPRegen 0.94/turn               (no ring)
MPRegen 0.10/turn               (no ring)

@: studying Poison Magic
A: small, no large weapons, nightstalker 3
a: no special abilities


You were on level 5 of the Dungeon.
You visited 1 branch of the dungeon, and saw 5 of its levels.

You collected 233 gold pieces.

Inventory:

Hand Weapons
 a - a +1 shortbow (weapon)
Missiles
 l - 2 throwing nets
Armour
 c - a +0 leather armour (worn)
 e - the -1 pair of gloves of Compassion (worn) {rN+ rCorr Int+2 Dex+4}
   (You found it on level 4 of the Dungeon)

   Int:       It affects your intelligence (+2).
   Dex:       It affects your dexterity (+4).
   rN:        It protects you from negative energy.
   rCorr:     It protects you from acid and corrosion.
 g - a +0 pair of boots (worn)
Jewellery
 f - an amulet of the acrobat
 j - an amulet of guardian spirit
 q - an amulet of regeneration (around neck)
 s - a ring of protection from fire
Wands
 o - a wand of iceblast (8)
 t - a wand of flame (12)
Scrolls
 b - 2 scrolls of immolation
 i - 2 scrolls of butterflies
 k - a scroll of teleportation
 p - a scroll of blinking
 r - 2 scrolls of identify
Potions
 d - 3 potions of brilliance
 h - a potion of lignification
 m - a potion of invisibility {unknown}
 n - a potion of attraction {unknown}


   Skills:
 + Level 4.2 Fighting
 - Level 9.0 Ranged Weapons
 - Level 1.0 Armour
 - Level 2.4 Dodging
 * Level 5.9 Stealth


You had 6 spell levels left.
You didn't know any spells.
Your spell library contained the following spells:

 Spells                   Type           Power      Damage    Failure   Level
 Summon Small Mammal      Summ           0%         N/A       43%         1
 Call Canine Familiar     Summ           0%         N/A       80%         3
 Portal Projectile        Hex/Tloc       0%         N/A       80%         3
 Leda's Liquefaction      Hex/Erth       0%         N/A       99%         4


Dungeon Overview and Level Annotations

Branches:
Dungeon (5/15)
 Temple: D:4-7

Altars:
Ashenzari
Kikubaaqudgha
Qazlal
Sif Muna
Vehumet
Wu Jian


Innate Abilities, Weirdness & Mutations

You are small and have problems with some larger weapons.
You are completely attuned to the shadows.


Message History

You kill the iguana!
You shoot an arrow. The arrow hits the jackal.
The jackal is heavily wounded.
You hear a bark!
The jackal completely misses you. The jackal barely misses you.
You shoot an arrow. The arrow hits the jackal.
You kill the jackal!
A jackal comes into view.
You shoot an arrow. The arrow hits the jackal!
You kill the jackal!
No target in view!
An ogre comes into view. It is wielding a +0 giant spiked club.
You see here 3 gold pieces.
You shoot an arrow. The arrow hits the ogre.
The ogre is moderately wounded.
A jackal comes into view.
You shoot an arrow. The arrow hits the ogre.
The ogre is moderately wounded.
You shoot an arrow. The arrow hits the ogre.
The ogre is moderately wounded.
You shoot an arrow. The arrow barely misses the ogre.
The ogre closely misses you. The jackal barely misses you.
You shoot an arrow. The arrow hits the ogre!
The ogre is severely wounded.
The jackal bites you but does no damage.
The ogre hits you with a +0 giant spiked club!!
The jackal bites you but does no damage.
You shoot an arrow. The arrow hits the ogre.
The ogre is severely wounded.
The jackal bites you but does no damage.
The ogre completely misses you.
You shoot an arrow. The arrow barely misses the ogre.
The jackal barely misses you. The jackal misses you.
Fire: a) +1 shortbow
Press: ? - help, Shift-Dir - straight line, f/p - ogre
Aim: an ogre, wielding a +0 giant spiked club (severely wounded, 81% to hit)
You shoot an arrow. The arrow barely misses the ogre.
The ogre hits you with a +0 giant spiked club!!
Ouch! That really hurt!
You die...

[. ....#
#...+...#
......
###...#[#.#
#..
#.......#.#
#..
#.......#.#
#.##......####
#.[..#....<.
#....#####..
#....# #.@..#
+.Oh.+ #....#
##..## ##..


You could see an ogre and a jackal.

Vanquished Creatures
  Eustachio (D:4)
  An ice beast (D:5)
  A phantom (D:5)
  A scorpion (D:4)
  2 hounds
  2 iguanas
  2 gnolls
  8 adders
  2 dart slugs
  2 orcs (D:3)
  5 endoplasms
  2 giant cockroaches
  9 goblins
  4 hobgoblins
  4 jackals
  4 kobolds
  4 quokkas
  4 ball pythons (D:2)
  3 bats
  3 frilled lizards
  4 rats
68 creatures vanquished.

Notes
Turn   | Place    | Note
-------+----------+-------------------------------------------
     0 | D:1      | Newt the Kobold Hunter began the quest for the Orb.
     0 | D:1      | Reached XP level 1. HP: 12/12 MP: 1/1
    50 | D:1      | Found a faded altar of an unknown god.
   156 | D:1      | Reached XP level 2. HP: 7/17 MP: 2/2
   592 | D:1      | Reached skill level 6 in Ranged Weapons
  1255 | D:2      | Reached XP level 3. HP: 21/21 MP: 3/3
  1803 | D:2      | Reached XP level 4. HP: 23/26 MP: 4/4
  1975 | D:2      | Reached skill level 7 in Ranged Weapons
  1999 | D:2      | Reached skill level 1 in Armour
  2468 | D:3      | Found a stormy altar of Qazlal.
  2735 | D:3      | Found an ornate altar of the Wu Jian Council.
  2998 | D:3      | Reached XP level 5. HP: 30/30 MP: 5/5
  2999 | D:3      | Found a broken altar of Ashenzari.
  3355 | D:4      | Reached skill level 8 in Ranged Weapons
  3653 | D:4      | Identified the -1 pair of gloves of Compassion {rN+ rCorr
                  | Int+2 Dex+4}
  3823 | D:4      | Reached skill level 9 in Ranged Weapons
  3823 | D:4      | Reached XP level 6. HP: 29/35 MP: 6/6
  4019 | D:4      | Noticed Eustachio
  4044 | D:4      | Killed Eustachio
  4045 | D:4      | Reached XP level 7. HP: 41/41 MP: 7/7
  4284 | D:5      | Entered Level 5 of the Dungeon
  4312 | D:5      | Found a radiant altar of Vehumet.
  4317 | D:5      | Found an ancient bone altar of Kikubaaqudgha.
  4321 | D:5      | Found a shimmering blue altar of Sif Muna.
  4325 | D:5      | Got Sif Muna's Grimoire of Generation
  4457 | D:5      | Reached skill level 5 in Stealth
  4514 | D:5      | Slain by an ogre

Illustrated notes

Levels and vault maps discovered:
D:1:      reono_arrival_mine, layout_loops_cross,
          hellmonk_ecumenical_altar_crossroads
D:2:      layout_loops_cross, cheibrodos_gnoll_hut
D:3:      layout_basic, ashenzari_conservatory_becter,
          mainiacjoe_overflow_tiny_flanked, amcnicky_altar_gilded
D:4:      layout_loops_ring, lemuel_round_altar, minmay_manual_moon,
          uniq_eustachio
D:5:      layout_basic, grunt_temple_overflow_magic_moments, fountainhead,
          nicolae_shop_gadgets

Skill      XL: |  1  2  3  4  5  6  7 |
---------------+----------------------+-----
Ranged Weapons | 6 7 9 |  9.0
Armour         | 1 |  1.0
Fighting       | 3 4 |  4.2
Stealth        | 3 5 |  5.9
Dodging        | |  2.4

Action                   |  1- 3 |  4- 6 |  7- 9 || total
-------------------------+-------+-------+-------++-------
 Fire: Shortbow          |    77 |   120 |    33 ||   230
  Use: Scroll            |     5 |     3 |       ||     8
       Potion            |       |     4 |       ||     4
Armor: Leather armour    |     8 |    12 |     5 ||    25
Dodge: Dodged            |    31 |    46 |    15 ||    92

Table legend: (Time is in decaauts)
 A = Elapsed time spent in this place.
 B = Non-inter-level travel time spent in this place.
 C = Inter-level travel time spent in this place.
 D = Time resting spent in this place.
 E = Time spent auto-exploring this place.
 F = Levels seen in this place.
 G = Mean time per level.
                   A        B        C        D        E       F      G
               +--------+--------+--------+--------+--------+-----+--------+
         Total |   4519 |   4319 |    200 |    489 |   3334 |   5 |  903.8 |
       Dungeon |   4519 |   4319 |    200 |    489 |   3334 |   5 |  903.8 |
               +--------+--------+--------+--------+--------+-----+--------+

Top non-repeatable levels by time:
     D:2: 1474 daAuts
     D:1: 999 daAuts
     D:3: 986 daAuts
     D:4: 825 daAuts
     D:5: 233 daAuts
